 Dungeon Crawl Stone Soup version 0.23.1 (webtiles) character file.

Game seed: 12026392791938244443

2587 Borgoz the Cutter (level 9, -13/70 HPs)
             Began as a Ghoul Enchanter on Mar 14, 2019.
             Was an Initiate of Ashenzari.
             Mangled by an orc warrior
             ... wielding a +0 dire flail
              (16 damage)
             ... on level 6 of the Dungeon.
             The game lasted 00:28:30 (10658 turns).

Borgoz the Cutter (Ghoul Enchanter)                Turns: 10658, Time: 00:28:30

Health: -13/70     AC:  9    Str: 12    XL:     9   Next: 58%
Magic:  3/12       EV: 14    Int: 10    God:    Ashenzari [......]
Gold:   199        SH:  0    Dex: 12    Spells: 8/14 levels left

rFire    . . .     SeeInvis .   a - +1 short sword (venom)
rCold    + . .     Gourm    .   (no shield)
rNeg     + + +     Faith    .   g - +2 robe {Archmagi}
rPois    ∞         Spirit   .   j - +1 helmet
rElec    .         Reflect  .   f - +2 cloak
rCorr    .         Harm     .   (no gloves)
MR       .....                  (no boots)
Stlth    +++.......             e - amulet of regeneration
HPRegen  0.00/turn              (no ring)
MPRegen  0.13/turn              (no ring)

@: rotting
A: rotting body, claws 1, carnivore, cold resistance 1, negative energy
resistance 3, inhibited regeneration, torment resistance, unbreathing
a: Curse Item, Renounce Religion


You were on level 6 of the Dungeon.
You worshipped Ashenzari.
Ashenzari was noncommittal.
You were not hungry.

You visited 2 branches of the dungeon, and saw 8 of its levels.

You collected 199 gold pieces.

Inventory:

Hand Weapons
 a - a +1 short sword of venom (weapon)
 c - a +0 whip of electrocution
 r - the +2 mace of Success {venom, Dex+6}
   (You found it on level 4 of the Dungeon)

   It poisons the flesh of those it strikes.
   It affects your dexterity (+6).
 t - a +2 dagger of venom
Missiles
 h - 20 poisoned needles
Armour
 f - a +2 cloak (worn)
 g - a +2 robe of the Archmagi (worn)
 j - a +1 helmet (worn)
 l - a +0 ring mail
 m - a +0 scale mail
 n - a +0 leather armour
Jewellery
 e - an amulet of regeneration (around neck)
 i - an uncursed ring of ice
Wands
 w - a wand of enslavement (10)
Scrolls
 k - a scroll of amnesia
 o - 2 scrolls of magic mapping
 v - a scroll of enchant armour
Potions
 b - a potion of agility
 p - 2 potions of might
 s - a potion of flight
 x - a potion of magic
Comestibles
 d - 10 rations


   Skills:
 + Level 3.3 Fighting
 * Level 6.0 Short Blades
 * Level 5.3 Armour
 * Level 5.4 Dodging
 + Level 5.3 Stealth
 + Level 3.3 Spellcasting
 * Level 3.8 Hexes


You had 8 spell levels left.
You knew the following spells:

 Your Spells              Type           Power        Failure   Level  Hunger
a - Corona                Hex            ##.....      5%          1    #......
b - Ensorcelled Hibernat  Hex/Ice        #.....       19%         2    ###....
c - Confuse               Hex            ##......     17%         3    ###....

Your spell library contained the following spells:

 Spells                   Type           Power        Failure   Level  Hunger
 Tukima's Dance           Hex            ##......     17%         3    ###....
 Dazzling Spray           Conj/Hex       #.....       36%         3    ###....


Dungeon Overview and Level Annotations

Branches:
Dungeon (7/15)             Temple (1/1) D:6

Altars:
Ashenzari
Cheibriados
Dithmenos
Elyvilon
Fedhas
Gozag
Hepliaklqana
Kikubaaqudgha
Makhleb
Nemelex Xobeh
Okawaru
Qazlal
Ru
Sif Muna
Trog
Uskayaw
Vehumet
Wu Jian
Xom
Yredelemnul
Zin
The Shining One


Innate Abilities, Weirdness & Mutations

Your body is rotting away.
You thrive on raw meat.
You are immune to poison.
You have sharp fingernails.
You are carnivorous and can eat meat at any time.
Your flesh is cold resistant. (rC+)
You are immune to negative energy. (rN+++)
You do not regenerate when monsters are visible.
You are immune to unholy pain and torment.
You can survive without breathing.


Message History

Press: ? - help, Shift-Dir - straight line, f/p - orc warrior
Aim: an orc warrior, wielding a +0 dire flail and wearing a +0 chain mail (chance to defeat MR: 39%)
You feel a surge of power!
The orc warrior resists with some effort.
The orc warrior closely misses you.
Things that are here:
a +0 robe; a +0 dagger Your magical contamination has completely faded away.
Casting: Ensorcelled Hibernation (safe; 19% risk of failure)
Confirm with . or Enter, or press ? or * to list all spells.
Aiming: Ensorcelled Hibernation (safe; 19% risk of failure)
Press: ? - help, Shift-Dir - straight line, f/p - orc warrior
Aim: an orc warrior, wielding a +0 dire flail and wearing a +0 chain mail (chance to defeat MR: 39%)
You feel a surge of power!
You miscast Ensorcelled Hibernation.
You are very lightly contaminated with residual magic.
You feel off-balance for a moment.
Your magical contamination has completely faded away.
There is a stone staircase leading up here.
The orc warrior hits you with a +0 dire flail!
You die...

...#.......#....#...........#....
##...##....##.#.##..........###.#
.....#.......##.###.......### ###
........##...##.###.......## ##.#
.......#####....#..........# #...
.......###................####...
..#.#..#.....##............##....
.###.......#####...........##....
## #.........###@o.o.............
##......................##....
##...........................
#..........#................
##.........#........##......
#.#......###...#####.......
#####...........##.........
##(..#.....#....(........
#..###..>.[###...........


You could see an orc warrior and an orc.

Vanquished Creatures
  Pikel (D:4)
  Sigmund (D:3)
  An orc warrior (D:7)
  2 ice beasts (D:6)
  2 sky beasts
  4 slaves (D:4)
  2 centaurs (D:5)
  A big kobold (D:7)
  A bullfrog (D:6)
  A water moccasin skeleton (D:5)
  2 wights
  4 crimson imps
  2 jellies
  4 orc priests
  2 hounds
  A centaur skeleton (D:6)
  6 orc wizards
  An iguana (D:5)
  5 worker ants
  A killer bee zombie (D:5)
  A worker ant zombie (D:5)
  Robin (D:3)
  8 gnolls
  8 adders
  A shadow imp (D:6)
  3 oozes
  An adder zombie (D:5)
  4 dart slugs
  4 leopard geckos
  24 orcs
  6 giant cockroaches
  16 goblins
  10 hobgoblins
  8 jackals (D:1)
  3 quokkas
  7 bats
  7 frilled lizards
  2 giant cockroach zombies (D:5)
  A jackal skeleton (D:4)
  11 kobolds
  A quokka skeleton (D:5)
  4 rats
175 creatures vanquished.

Notes
Turn   | Place    | Note
-------+----------+-------------------------------------------
     0 | D:1      | Borgoz the Ghoul Enchanter began the quest for the Orb.
     0 | D:1      | Reached XP level 1. HP: 14/14 MP: 2/2
   216 | D:1      | Reached skill level 1 in Short Blades
   255 | D:1      | Reached XP level 2. HP: 14/20 MP: 3/3
   452 | D:1      | Learned a level 2 spell: Ensorcelled Hibernation
   650 | D:1      | Reached skill level 1 in Armour
   762 | D:1      | Reached XP level 3. HP: 26/26 MP: 4/4
  1677 | D:2      | Reached skill level 2 in Short Blades
  2529 | D:3      | Reached XP level 4. HP: 28/32 MP: 5/5
  2895 | D:2      | Learned a level 3 spell: Confuse
  3838 | D:3      | Reached XP level 5. HP: 18/38 MP: 2/6
  3915 | D:5      | Entered Level 5 of the Dungeon
  4244 | D:4      | Noticed Robin
  4624 | D:5      | Noticed a centaur
  4697 | D:4      | Noticed a slave
  4756 | D:4      | Reached skill level 3 in Short Blades
  5136 | D:3      | Killed Robin
  5136 | D:3      | Reached XP level 6. HP: 36/45 MP: 1/7
  5325 | D:4      | Noticed a slave
  5331 | D:4      | Noticed Pikel
  5331 | D:4      | Noticed a slave
  5331 | D:4      | Noticed a slave
  5340 | D:4      | Killed a slave
  5489 | D:4      | Noticed Sigmund
  5735 | D:3      | Killed Sigmund
  5735 | D:3      | Reached XP level 7. HP: 47/50 MP: 5/8
  5941 | D:4      | Reached skill level 4 in Short Blades
  6335 | D:4      | Killed Pikel
  6335 | D:4      | Reached skill level 1 in Fighting
  6335 | D:4      | Reached XP level 8. HP: 25/59 MP: 3/10
  6748 | D:4      | Got an ancient mace
  6749 | D:4      | Identified the +2 mace of Success {venom, Dex+6} (You found
                  | it on level 4 of the Dungeon)
  7382 | D:5      | Reached skill level 5 in Short Blades
  7967 | D:5      | Found a sacrificial altar of Ru.
  8077 | D:6      | Found a staircase to the Ecumenical Temple.
  8147 | D:5      | Reached XP level 9. HP: 23/66 MP: 5/12
  8283 | D:6      | Reached skill level 5 in Dodging
  8360 | Temple   | Entered the Ecumenical Temple
  8514 | Temple   | Became a worshipper of Ashenzari the Shackled
  8989 | D:6      | Reached skill level 5 in Armour
  8989 | D:6      | Reached skill level 5 in Stealth
 10424 | D:7      | Reached skill level 6 in Short Blades
 10620 | D:6      | HP: 3/70 [orc warrior/+0 dire flail (18)]
 10658 | D:6      | Mangled by an orc warrior

Skill      XL: |  1  2  3  4  5  6  7  8  9 |
---------------+----------------------------+-----
Short Blades   | 1 2 3 4 5 6 |  6.0
Dodging        | 2 3 4 5 |  5.4
Armour         | 1 2 3 4 5 |  5.3
Fighting       | 1 2 3 |  3.3
Stealth        | 4 5 |  5.3
Spellcasting   | 2 3 |  3.3
Hexes          | 3 |  3.8

Action                   |  1- 3 |  4- 6 |  7- 9 || total
-------------------------+-------+-------+-------++-------
Melee: Dagger            |   161 |   477 |   408 ||  1046
       Mace              |       |       |    94 ||    94
       Short sword       |       |       |    38 ||    38
 Cast: Corona            |     2 |       |       ||     2
       Ensorcelled Hiber |     2 |    20 |    52 ||    74
       Confuse           |       |       |     5 ||     5
  Use: Scroll            |     5 |     9 |     6 ||    20
       Potion            |       |     4 |     4 ||     8
 Stab: Sleeping          |    11 |    12 |    19 ||    42
       Confused          |       |       |     2 ||     2
       Distracted        |       |       |     1 ||     1
  Eat: Chunk             |    14 |    23 |    23 ||    60
Armor: Robe              |    38 |    77 |    20 ||   135
       Leather armour    |       |    46 |   161 ||   207
       Ring mail         |       |    23 |       ||    23
Dodge: Dodged            |    87 |   301 |   364 ||   752
